 Dungeon Crawl Stone Soup version 0.17-a0-1626-g3031859 (console) character file.

4002 Daisuki the Cleaver (level 10, -6/84 HPs)
             Began as a Naga Fighter on Aug 3, 2015.
             Was a Priest of Okawaru.
             Killed by divine providence
             ... invoked by an orc priest
              (13 damage)
             ... on level 8 of the Dungeon.
             The game lasted 00:56:54 (10575 turns).

Daisuki the Cleaver (Naga Fighter)                 Turns: 10575, Time: 00:56:54

Health: -6/84      AC: 13    Str: 22    XL:     10   Next: 23%
Magic:  10/10      EV:  4    Int:  8    God:    Okawaru [***...]
Gold:   219        SH:  9    Dex: 11    Spells: 0 memorised, 9 levels left

rFire  x . .     SeeInvis +     a - +0 war axe
rCold  + . .     Clarity  +     Y - +0 plate armour
rNeg   . . .     SustAt   .     c - +0 shield
rPois  +         Gourm    .     w - +1 helmet
rElec  .         Spirit   .     Q - +1 cloak {rPois}
rCorr  .         Warding  .     (no gloves)
rMut   .         Stasis   .     (no barding)
MR     +....                    z - amulet of clarity
Stlth  ..........               s - +2 ring of evasion
                                M - ring of ice

@: short of breath, very slow, somewhat resistant to hostile enchantments,
extremely unstealthy
A: see invisible, deformed body, poison resistance, slowness 2, slow metabolism
1, spit poison 2, AC +3
a: Spit Poison, Heroism, Renounce Religion


You were on level 8 of the Dungeon.
You worshipped Okawaru.
Okawaru was most pleased with you.
You were not hungry.

You visited 2 branches of the dungeon, and saw 9 of its levels.
You also visited: Ossuary.

You collected 219 gold pieces.

Inventory:

Hand weapons
 a - a +0 war axe (weapon)
 b - a +0 hunting sling
   (You found it on level 4 of the Dungeon)
 I - a +2 long sword of holy wrath
   (You found it on level 8 of the Dungeon)
 K - a +0 shortbow
   (You took it off a centaur on level 6 of the Dungeon)
 P - a +4 quarterstaff of chaos
   (You took it off Crazy Yiuf on level 6 of the Dungeon)
Missiles
 n - 2 tomahawks
 v - 143 stones
 x - 4 javelins (quivered)
 A - 170 arrows
 B - 21 sling bullets
 D - 34 poisoned needles
 G - 12 arrows of flame
 L - 50 bolts
 R - 7 curare-tipped needles
 S - 10 sling bullets of flame
Armour
 c - a +0 shield (worn)
 w - a +1 helmet (worn)
   (You found it on level 3 of the Dungeon)
 Q - a +1 cloak of poison resistance (worn)
   (You took it off Crazy Yiuf on level 6 of the Dungeon)
 Y - a +0 plate armour (worn)
   (You took it off an orc warrior on level 7 of the Dungeon)
Magical staves
 q - an uncursed staff of conjuration {unknown}
   (You found it in an ossuary)
Jewellery
 o - an uncursed ring of magical power
   (You found it on level 2 of the Dungeon)
 s - a +2 ring of evasion (right hand)
   (You found it on level 2 of the Dungeon)
 z - an amulet of clarity (around neck)
   (You found it on level 5 of the Dungeon)
 J - an uncursed ring of teleportation
   (You found it on level 5 of the Dungeon)
 M - a ring of ice (left hand)
   (You found it on level 7 of the Dungeon)
 T - an uncursed ring of see invisible
   (You found it on level 8 of the Dungeon)
Magical devices
 C - a wand of teleportation (4)
   (You took it off Eustachio on level 4 of the Dungeon)
 H - a wand of fire (4)
   (You found it on level 5 of the Dungeon)
 N - a wand of invisibility (6)
   (You acquired it on level 8 of the Dungeon)
 U - a wand of disintegration (16)
   (You found it on level 7 of the Dungeon)
 W - a wand of fire (4)
   (You found it on level 8 of the Dungeon)
Scrolls
 h - 5 scrolls of recharging
 k - 2 scrolls of teleportation
 p - 2 scrolls of remove curse
 y - a scroll of blinking
 X - a scroll of noise {unknown}
Potions
 f - 4 potions of degeneration
 g - 2 potions of lignification
 i - a potion of haste
 j - a potion of invisibility
 l - a potion of ambrosia
 r - a potion of cure mutation
 t - a potion of magic
 u - 7 potions of curing
 E - a potion of flight
 F - a potion of resistance
 V - a potion of cancellation
 Z - a potion of poison
Comestibles
 e - 10 bread rations
 m - 3 meat rations
 O - 3 fruits


   Skills:
 - Level 3.0 Fighting
 * Level 14.0 Axes
 - Level 2.4 Armour
 - Level 2.4 Shields


You had 9 spell levels left.
You didn't know any spells.

Dungeon Overview and Level Annotations

Branches:
Dungeon (8/15)             Temple (1/1) D:4            Lair (0/8) D:8

Altars:
Ashenzari
Cheibriados
Dithmenos
Elyvilon
Fedhas
Gozag
Kikubaaqudgha
Makhleb
Nemelex Xobeh
Okawaru
Qazlal
Ru
Sif Muna
Trog
Vehumet
Xom
Yredelemnul
Zin
The Shining One

Shops:
D:5 :


Innate Abilities, Weirdness & Mutations

You cannot wear boots.
Your serpentine skin is tough (AC +3).
You have supernaturally acute eyesight.
Armour fits poorly on your strangely shaped body.
Your system is resistant to poisons.
You cover ground very slowly.
You have a slow metabolism.
You can spit poison.


Message History

You slash the mummy!
You destroy the mummy!
Okawaru accepts your kill.
You slash the mummy!
The mummy is almost destroyed.
You barely miss the mummy.
The mummy is almost destroyed.
You block the mummy's attack.
You hit the mummy.
You destroy the mummy!
Okawaru accepts your kill.
No target in view!
No target in view!
There is an open door here.
There is a gate leading back out of this place here.
You open the door.
There is an open door here.
d - a scroll of identify
u - 4 potions of curing (gained 1)
You see here a potion of degeneration.
u - 6 potions of curing (gained 2)
You see here a potion of degeneration.
f - a potion of degeneration
i - a scroll labeled FAAMIF ZILIOK
h - 5 scrolls of recharging (gained 1)
j - a yellow potion
q - a curved glowing staff
d - 2 scrolls of identify (gained 1)
y - 2 scrolls of blinking (gained 1)
t - a bubbling purple potion
u - 7 potions of curing (gained 1)
There is an open door here.
There is a gate leading back out of this place here.
Done exploring.
You are feeling very hungry.
Welcome back to the Dungeon!
There is a collapsed entrance here.
Items here: !!! (((((( )))
P - a quarterstaff of chaos;
K - a +0 shortbow;
O - a runed short sword
v - 143 stones;
A - 124 arrows;
D - 34 poisoned needles;
G - 12 arrows of flame
L - 50 bolts;
R - 7 curare-tipped needles
f - 4 potions of degeneration (gained 3)
V - a potion of cancellation;
Z - a potion of poison
There are no items here.
There is an open door here.
An orc comes into view. It is wielding a club.
Use which ability? (? or * to list)
Press: ? - help, Shift-Dir - straight line, f - orc
Aim: an orc, wielding a club The splash of poison misses the orc.
You feel slightly more hungry. The orc hits you but does no damage.
You hit the orc.
The orc is heavily wounded.
The orc hits you with a club.
You hit the orc.
You kill the orc!
No target in view!
No target in view!
An orc comes into view. It is wielding a club.
The orc shouts!
Found 13 stones.
Things that are here:
a club; an orc corpse You butcher the orc corpse.
You have got your breath back.
An orc warrior comes into view. It is wielding a halberd.
Things that are here:
a club; 4 chunks of flesh You can't carry that many items.
Use which ability? (? or * to list)
Press: ? - help, Shift-Dir - straight line, f - orc warrior
Aim: an orc warrior, wielding a halberd and wearing a plate armour (hasn't noticed you)
The splash of poison misses the orc warrior.
You feel slightly more hungry.
The orc warrior shouts!
The orc warrior moves out of view.
You closely miss the orc. The orc hits you but does no damage.
You slash the orc!
You kill the orc!
Okawaru accepts your kill.
Your plate armour prevents you from hitting the orc warrior.
The orc warrior hits you with a halberd!
You closely miss the orc warrior. You block the orc warrior's attack.
You hit the orc warrior but do no damage.
You have got your breath back.
Use which ability? (? or * to list)
Press: ? - help, Shift-Dir - straight line, f/p - orc warrior
Aim: an orc warrior, wielding a halberd and wearing a plate armour The splash of poison hits the orc warrior.
The orc warrior appears unharmed.
You feel slightly more hungry.
The orc warrior hits you with a halberd!
You closely miss the orc warrior. You block the orc warrior's attack.
Your plate armour prevents you from hitting the orc warrior.
You block the orc warrior's attack.
You hit the orc warrior.
The orc warrior is lightly wounded.
You slash the orc warrior!
The orc warrior is heavily wounded.
You block the orc warrior's attack.
You slash the orc warrior!
The orc warrior is almost dead.
You block the orc warrior's attack.
You barely miss the orc warrior.
The orc warrior is almost dead.
You slash the orc warrior!
You kill the orc warrior!
Okawaru accepts your kill.
You have got your breath back.
Items here: )) [ † a halberd; a plate armour; a club; an orc corpse You butcher the orc corpse.
Your pack is full.
Items here: % )) [ a halberd; a plate armour; a club; 4 chunks of flesh Your pack is full.
Things that are here:
a club; 4 chunks of flesh Read which item? (? for menu, Esc to quit)
As you read the scroll labeled FAAMIF ZILIOK, it crumbles to dust.
You feel forgetful for a moment.
It was a scroll of amnesia.
i - 4 chunks of flesh You see here a club.
i - 8 chunks of flesh (gained 4)
Things that are here:
a halberd; a plate armour; a club You see here a club.
Things that are here:
a halberd; a plate armour; a club Eat one of 8 chunks of flesh? (ye/n/q/i?) This raw flesh tastes terrible.
You continue eating. x2
(D) Dungeon (T) Temple
Where to? (Enter - D:8 @ (x,y), ? - help)
Found 19 arrows.
A shadow imp comes into view.
The shadow imp shouts!
Use which ability? (? or * to list)
Press: ? - help, Shift-Dir - straight line, f - shadow imp
Aim: a shadow imp The splash of poison misses the shadow imp.
You are feeling hungry.
Found a stone staircase leading down.
The shadow imp barely misses you.
You hit the shadow imp but do no damage.
The shadow imp hits you but does no damage.
You slash the shadow imp!
You kill the shadow imp!
Okawaru accepts your kill.
No target in view!
No target in view!
You have got your breath back.
A - 143 arrows (gained 19) Eat one of 7 chunks of flesh? (ye/n/q/i?) This raw flesh tastes terrible.
You continue eating. x2
(D) Dungeon (T) Temple
Where to? (Enter - D:8 @ (x,y), ? - help)
Found a staircase to the Lair.
A centaur comes into view.
The centaur wields a shortbow.
The centaur shoots an arrow.
You block the arrow.
The centaur shoots an arrow.
The arrow hits you but does no damage.
You see here 2 arrows.
You start resting.
The centaur shoots an arrow.
You block the arrow.
The centaur unwields an uncursed shortbow.
The centaur hits you but does no damage.
The centaur hits you.
You slash the centaur!
The centaur is moderately wounded.
The centaur hits you.
You slice the centaur!!
You kill the centaur!
Okawaru accepts your kill.
No target in view!
No target in view!
A - 144 arrows (gained 1)
A - 159 arrows (gained 15)
You see here an uncursed shortbow.
Wield which item (- for none, * to show all)? (? for menu, Esc to quit)
Okay, then.
(D) Dungeon (T) Temple (L) Lair
Where to? (Enter - D:8 @ (x,y), ? - help)
Found 2 scrolls of teleportation.
Found a stone staircase leading up.
There is a stone staircase leading up here.
k - 3 scrolls of teleportation (gained 2)
A phantom comes into view.
There is a stone staircase leading up here.
You block the phantom's attack.
You hit the phantom.
The phantom is lightly damaged.
The phantom hits you.
You miss the phantom.
The phantom is lightly damaged.
Your shield and plate armour prevent you from hitting the phantom.
The phantom is lightly damaged.
You block the phantom's attack.
You closely miss the phantom.
The phantom is lightly damaged.
The phantom hits you but does no damage.
Your shield and plate armour prevent you from hitting the phantom.
The phantom is lightly damaged.
The phantom hits you.
Your plate armour prevents you from hitting the phantom.
The phantom is lightly damaged.
The phantom hits you but does no damage.
You miss the phantom.
The phantom is lightly damaged.
The phantom blinks!
The phantom hits you but does no damage.
You closely miss the phantom.
The phantom is lightly damaged.
You hit the phantom.
The phantom is moderately damaged.
You block the phantom's attack.
You miss the phantom.
The phantom is moderately damaged.
The phantom blinks!
Your shield and plate armour prevent you from hitting the phantom.
The phantom is moderately damaged.
You block the phantom's attack.
Your plate armour prevents you from hitting the phantom.
The phantom is moderately damaged.
The phantom barely misses you.
You miss the phantom.
The phantom is moderately damaged.
You block the phantom's attack.
You slash the phantom!
The phantom is heavily damaged.
The phantom blinks!
You block the phantom's attack.
You closely miss the phantom.
The phantom is moderately damaged.
The phantom hits you but does no damage.
You slash the phantom!
The phantom is severely damaged.
You block the phantom's attack.
You barely miss the phantom.
The phantom is severely damaged.
You slash the phantom!
The phantom is almost destroyed.
The phantom closely misses you.
You hit the phantom.
You destroy the phantom!
Okawaru accepts your kill.
No target in view!
No target in view!
There is a stone staircase leading up here.
You climb upwards.
There is a stone staircase leading down here.
HP restored.
There is a stone staircase leading down here.
Search for what [Enter for "D:6", or ? for help]?
D:7 You climb downwards.
There is a stone staircase leading up here.
You open the door.
Found a glowing long sword.
Found 9 gold pieces.
There is an open door here.
A quokka skeleton comes into view.
You block the quokka skeleton's attack. The quokka skeleton closely misses you.
You see here a glowing long sword.
You slash the quokka skeleton!
You destroy the quokka skeleton!
Okawaru accepts your kill.
No target in view!
No target in view!
You now have 219 gold pieces (gained 9).
A giant frog comes into view.
The giant frog gives a loud, deep croak!
Use which ability? (? or * to list)
Press: ? - help, Shift-Dir - straight line, f - giant frog
Aim: a giant frog The splash of poison hits the giant frog.
The giant frog is poisoned.
The giant frog is heavily wounded.
You feel slightly more hungry. The giant frog barely misses you.
You hit the giant frog.
The giant frog is severely wounded.
The giant frog hits you.
A worker ant comes into view.
The worker ant twitches its antennae in your direction.
You hit the giant frog.
The giant frog is almost dead.
The giant frog hits you.
You hit the giant frog.
The giant frog is almost dead.
You kill the giant frog!
Okawaru accepts your kill.
You have got your breath back.
The worker ant bites you.
You slash the worker ant!
The worker ant is severely wounded.
You block the worker ant's attack.
You closely miss the worker ant.
The worker ant is severely wounded.
The worker ant bites you but does no damage.
You closely miss the worker ant.
The worker ant is severely wounded.
The worker ant bites you but does no damage.
You hit the worker ant.
You kill the worker ant!
Okawaru accepts your kill.
No target in view!
You see here a glowing long sword.
You see here a glowing long sword.
Read which item? (? for menu, Esc to quit)
As you read the scroll labeled USIENYWKAINE, it crumbles to dust.
It is a scroll of enchant armour.
Enchant which item? (? for menu, Esc to quit)
Your +0 helmet glows green for a moment.
I - a glowing long sword Read which item? (? for menu, Esc to quit)
Okay, then.
Wield which item (- for none, * to show all)? (? for menu, Esc to quit)
It softly glows with a divine radiance!
I - a +2 long sword of holy wrath (weapon)
Wield which item (- for none, * to show all)? (? for menu, Esc to quit)
Your +2 long sword of holy wrath stops glowing.
It sticks to your hand!
O - a cursed -3 short sword (weapon)
Wear which item? (? for menu, Esc to quit)
Okay, then.
Put on which piece of jewellery? (? for menu, Esc to quit)
Okay, then.
Read which item? (? for menu, Esc to quit)
As you read the scroll of remove curse, it crumbles to dust.
You feel as if something is helping you.
a - a +0 war axe (weapon)
Wield which item (- for none, * to show all)? (? for menu, Esc to quit)
Okay, then.
Drop what? 52/52 slots (_ for help) (? for menu, Esc to quit)
You drop a -3 short sword.
Some of the chunks of flesh in your inventory have rotted away.
Found an escape hatch in the ceiling.
HP restored.
O - 3 fruits All of the chunks of flesh in your inventory have rotted away.
i - a potion of haste A giant cockroach comes into view.
Use which ability? (? or * to list)
Press: ? - help, Shift-Dir - straight line, f - giant cockroach
Aim: a giant cockroach (clinging)
The splash of poison hits the giant cockroach.
The giant cockroach appears unharmed.
You feel slightly more hungry.
The giant cockroach bites you but does no damage.
You closely miss the giant cockroach. You block the giant cockroach's attack.
You hit the giant cockroach.
The giant cockroach is severely wounded.
The giant cockroach barely misses you.
You hit the giant cockroach but do no damage.
The giant cockroach is severely wounded.
You block the giant cockroach's attack.
You slash the giant cockroach!
You kill the giant cockroach!
Okawaru accepts your kill.
You see here a giant cockroach corpse.
You butcher the giant cockroach corpse.
You have got your breath back.
Your pack is full.
You see here 2 chunks of flesh.
Read which item? (? for menu, Esc to quit)
As you read the scroll labeled TUAQOMONUSSY, it crumbles to dust.
This is a scroll of acquirement! [a] Weapon [b] Armour [c] Jewellery [d] Book [e] Staff [f] Wand [g] Miscellaneous [h] Food [i] Gold [j] Ammunition What kind of item would you like to acquire? (\ to view known items)
Something appears before you!
N - a wand of invisibility Read which item? (? for menu, Esc to quit)
Identify which item? (\ to view known items) (? for menu, Esc to quit)
As you read the scroll of identify, it crumbles to dust.
j - a potion of invisibility Read which item? (? for menu, Esc to quit)
Okay, then.
Read which item? (? for menu, Esc to quit)
Identify which item? (\ to view known items) (? for menu, Esc to quit)
As you read the scroll of identify, it crumbles to dust.
t - a potion of magic
d - 2 chunks of flesh A centaur comes into view.
The centaur shouts!
The centaur wields a shortbow.
The centaur shoots an arrow.
The arrow hits you.
You see here an arrow.
The centaur shoots an arrow.
The arrow hits you but does no damage.
The centaur shoots an arrow.
The arrow hits you.
You see here an arrow.
Use which ability? (? or * to list)
Press: ? - help, Shift-Dir - straight line, f - centaur
Aim: a centaur, wielding a shortbow The splash of poison misses the centaur.
You feel slightly more hungry.
The centaur shoots an arrow.
The arrow hits you but does no damage.
The centaur shoots an arrow.
The arrow hits you but does no damage.
The centaur shoots an arrow.
The arrow hits you.
You see here 2 arrows.
The centaur shoots an arrow.
The arrow hits you but does no damage.
The centaur shoots an arrow.
The arrow hits you.
You see here an arrow.
The centaur shoots an arrow.
You block the arrow.
You see here an arrow.
The centaur unwields an uncursed shortbow.
The centaur hits you but does no damage. x2
You closely miss the centaur.
You have got your breath back.
The centaur hits you but does no damage. x2
Use which ability? (? or * to list)
Press: ? - help, Shift-Dir - straight line, f/p - centaur
Aim: a centaur The splash of poison hits the centaur.
The centaur is poisoned.
The centaur is heavily wounded.
You feel slightly more hungry. The centaur hits you.
You barely miss the centaur.
The centaur is heavily wounded.
The centaur hits you but does no damage.
You hit the centaur but do no damage.
The centaur is heavily wounded.
The centaur hits you.
The centaur hits you but does no damage.
You slash the centaur!
You kill the centaur!
Okawaru accepts your kill.
No target in view!
You have got your breath back.
A - 164 arrows (gained 5)
You see here an uncursed shortbow.
A - 165 arrows (gained 1)
A - 166 arrows (gained 1)
A - 168 arrows (gained 2)
A - 169 arrows (gained 1)
A - 170 arrows (gained 1)
You start resting.
You are feeling hungry.
Eat one of 2 chunks of flesh? (ye/n/q/i?) This raw flesh tastes terrible.
You continue eating. x2
There is an escape hatch in the ceiling here.
HP restored.
Found a stone staircase leading down.
Your pack is full.
You see here a runed gilded ring.
Read which item? (? for menu, Esc to quit)
As you read the scroll labeled QEAHAT MUROTOT, it crumbles to dust.
The air around you briefly surges with heat, but it dissipates.
It was a scroll of immolation.
T - a runed gilded ring Put on which piece of jewellery? (? for menu, Esc to quit)
You're wearing all the rings you can.
Remove which one? (? for menu, Esc to cancel) < or
M - a ring of ice; > or
s - a +2 ring of evasion You remove your ring of ice.
T - a ring of see invisible (left hand) Put on which piece of jewellery? (? for menu, Esc to quit)
You're wearing all the rings you can.
Remove which one? (? for menu, Esc to cancel) < or
T - a ring of see invisible; > or
s - a +2 ring of evasion
Okay, then.
Put on which piece of jewellery? (? for menu, Esc to quit)
You're wearing all the rings you can.
Remove which one? (? for menu, Esc to cancel) < or
T - a ring of see invisible; > or
s - a +2 ring of evasion You remove your ring of see invisible.
You feel more attuned to ice.
M - a ring of ice (left hand)
Your pack is full.
You see here a wand of fire.
Read which item? (? for menu, Esc to quit)
As you read the scroll labeled JOCICVE FOUKIE, it crumbles to dust.
You assume a fearsome visage.
Nothing appears to happen.
It was a scroll of fear.
W - a wand of fire An orc, an orc priest and an orc wizard come into view.
The orc shouts!
The orc priest shouts!
An orc warrior comes into view. It is wielding a glaive.
Use which ability? (? or * to list)
Press: ? - help, Shift-Dir - straight line, f - orc warrior
Aim: an orc warrior, wielding a glaive and wearing a plate armour (hasn't noticed you)
The splash of poison misses the orc wizard.
The splash of poison hits the orc.
The orc is poisoned.
You kill the orc!
Okawaru accepts your kill.
Your Axes skill increases to level 14!
You feel slightly more hungry.
The orc warrior shouts!
You slash the orc wizard!
The orc wizard is heavily wounded.
You have got your breath back.
Use which ability? (? or * to list)
Press: ? - help, Shift-Dir - straight line, f - orc priest, p - orc warrior
Aim: an orc priest, wielding a hand axe The splash of poison hits the orc wizard.
The orc wizard appears unharmed.
The orc wizard is heavily wounded.
You feel slightly more hungry.
The orc wizard hits you but does no damage.
You miss the orc wizard.
The orc wizard is heavily wounded.
The orc wizard hits you but does no damage.
You slash the orc wizard!
You kill the orc wizard!
Okawaru accepts your kill.
The orc warrior hits you from afar with a glaive!
Unknown command.
The orc warrior hits you with a glaive!
Things that are here:
a dagger; a robe Drink which item? (? for menu, Esc to quit)
Okay, then.
You hit the orc warrior.
The orc warrior is lightly wounded.
The orc priest casts a cantrip, but nothing happens.
You slash the orc warrior!
The orc warrior is moderately wounded.
The orc warrior hits you with a glaive!!
* * * LOW HITPOINT WARNING * * *
The orc priest miscasts a cantrip.
Press: ? - help, v - describe, . - travel
Here: an orc warrior, wielding a glaive and wearing a plate armour (moderately wounded)
The floor, spattered with blood.
Unknown command.
Drink which item? (? for menu, Esc to quit)
Okay, then.
Read which item? (? for menu, Esc to quit)
Okay, then.
Use which ability? (? or * to list)
You gain the combat prowess of a mighty hero.
You feel slightly more hungry. The orc warrior hits you with a glaive.
* * * LOW HITPOINT WARNING * * *
You slash the orc warrior!
The orc warrior is severely wounded.
You have got your breath back.
You hit the orc warrior but do no damage.
The orc warrior is severely wounded.
The orc warrior hits you with a glaive!
* * * LOW HITPOINT WARNING * * *
You hit the orc warrior but do no damage.
The orc warrior is severely wounded.
You block the orc warrior's attack.
The orc warrior hits you from afar with a glaive!
* * * LOW HITPOINT WARNING * * *
Read which item? (? for menu, Esc to quit)
Blink to where?
Press: ? - help, Dir - move target cursor, p - orc priest You are very lightly contaminated with residual magic.
As you read the scroll of blinking, it crumbles to dust.
Read which item? (? for menu, Esc to quit)
As you read the scroll of teleportation, it crumbles to dust.
You feel strangely unstable.
Your surroundings suddenly seem different.
You start resting.
Magic restored.
You start resting.
You feel like a meek peon again.
You start resting.
Your magical contamination has completely faded away.
You start resting.
The orc priest shouts!
The orc priest looks braver for a moment.
All of the chunks of flesh in your inventory have rotted away.
Use which ability? (? or * to list)
Press: ? - help, Shift-Dir - straight line, f - orc priest
Aim: an orc priest, wielding a hand axe The splash of poison hits the orc priest.
The orc priest is poisoned.
The orc priest is lightly wounded.
You feel slightly more hungry.
Throwing (i - inventory. (,) - cycle):
x - 7 javelins (quivered)
Press: ? - help, Shift-Dir - straight line, f/p - orc priest
Aim: an orc priest, wielding a hand axe (lightly wounded, poisoned)
You throw a javelin.
The javelin closely misses the orc priest.
Throwing (i - inventory. (,) - cycle):
x - 6 javelins (quivered)
Press: ? - help, Shift-Dir - straight line, f/p - orc priest
Aim: an orc priest, wielding a hand axe (lightly wounded, poisoned)
You throw a javelin.
The javelin barely misses the orc priest.
The orc priest mumbles some strange prayers to Beogh against you.
Something smites you!
* * * LOW HITPOINT WARNING * * *
Throwing (i - inventory. (,) - cycle):
x - 5 javelins (quivered)
Press: ? - help, Shift-Dir - straight line, f/p - orc priest
Aim: an orc priest, wielding a hand axe (lightly wounded, poisoned)
You throw a javelin.
The javelin barely misses the orc priest.
You have got your breath back.
The orc priest hits you with a hand axe.
* * * LOW HITPOINT WARNING * * *
Use which ability? (? or * to list)
Press: ? - help, Shift-Dir - straight line, f/p - orc priest
Aim: an orc priest, wielding a hand axe (moderately wounded, poisoned)
The splash of poison misses the orc priest.
You feel slightly more hungry.
The orc priest casts a cantrip, but nothing happens.
You closely miss the orc priest.
The orc priest is moderately wounded.
The orc priest looks more healthy.
The orc priest mumbles some strange prayers to Beogh against you.
Something smites you!
You die...

.#............####..,,,,,,,*,,,,*
....#.........# *,,,,,***,*,*,,*
....#.........# *,,,,,,,*,*,*,,*
....#.........# *,,,,,,,,,*,*,,*
.#.##.........# *,,,,,,****,*,,#
......#+#.##### *,,,,,,,,,,,,,,#
.#......#...#########**,,,**,,,,#
........###.#.......#*,,,,,...,,#
.###........#...@...#*,,,,*#...,#
.........####....o..#*,*,,,#..>,#
.#.......####.....(.#*,#,,,+....#
(#..........'......(##.#*,,#....#
+#...<..####........(..,,.,[.....
........# #........##.**#..##.##
........####........##.#*#..##.##
...................>....,........
...#########)###.#########...#.##


You could see an orc priest.

Vanquished Creatures
  Monster Symbol All ' '
  The ghost of Sscral the Ducker, an experienced DsMo of Yredelemnul (D:7)
  The ghost of flyleaff the Ducker, an average FeTm (D:4)
2 creatures vanquished. All '5' 3 crimson imps (D:5 D:6 D:7) 3 shadow imps (D:5 D:8)
6 creatures vanquished. All ';' An electric eel (D:7)
1 creature vanquished. All '@' Eustachio (D:4)
1 creature vanquished. All 'F' 2 giant frogs (D:7 D:8)
2 creatures vanquished. All 'J' A jelly (D:5) 2 oozes (D:1 D:2)
3 creatures vanquished. All 'K' 4 kobolds (D:1 D:2 D:3)
4 creatures vanquished. All 'M' 2 mummies (Ossuary)
2 creatures vanquished. All 'O' An ogre (D:5)
1 creature vanquished. All 'S' A water moccasin (D:6) 13 adders (D:2 D:3 D:4 D:5 D:6) 2 ball pythons (D:2 D:3)
16 creatures vanquished. All 'W' 3 phantoms (D:6 D:7 D:8)
3 creatures vanquished. All 'Y' An ice beast (D:6)
1 creature vanquished. All 'Z' 3 water moccasin zombies (Ossuary) A water moccasin skeleton (D:4) 3 giant frog zombies (D:5 D:6 D:7) 2 centaur zombies (D:6) 2 giant frog skeletons (D:4 D:6) 6 big kobold zombies (Ossuary) 7 adder zombies (D:5 Ossuary) 3 adder skeletons (D:4 D:7) 3 gnoll zombies (Ossuary) A giant gecko zombie (D:6) 3 hobgoblin zombies (Ossuary) 3 kobold zombies (Ossuary) 4 orc zombies (Ossuary) A quokka skeleton (D:8)
42 creatures vanquished. All 'a' 7 worker ants (D:4 D:5 D:7 D:8)
7 creatures vanquished. All 'b' 13 bats (D:1 D:2 D:3)
13 creatures vanquished. All 'c' 3 centaurs (D:6 D:8)
3 creatures vanquished. All 'e' Duvessa (D:4) Dowan (D:4)
2 creatures vanquished. All 'g' Crazy Yiuf (D:6) 7 gnolls (D:3 D:6) 7 hobgoblins (D:1 D:2 D:3) 3 goblins (D:2 D:3 D:4)
18 creatures vanquished. All 'h' 5 hounds (D:5 D:6 D:7) 10 jackals (D:1 D:3 D:6)
15 creatures vanquished. All 'l' A wyvern (D:6) 3 iguanas (D:3 D:4 D:5) 6 giant geckos (D:4 D:5 D:6) 6 giant newts (D:1 D:2 D:3)
16 creatures vanquished. All 'o' 2 orc warriors (D:7 D:8) An orc priest (D:6) 6 orc wizards (D:4 D:5 D:6 D:7 D:8) 27 orcs (D:3 D:4 D:5 D:6 D:7)
36 creatures vanquished. All 'r' 3 quokkas (D:3 D:4 D:5) 5 rats (D:1 D:2 D:3 D:5)
8 creatures vanquished. All 's' 2 scorpions (D:5 D:7) 9 giant cockroaches (D:1 D:2 D:3 D:4 D:7)
11 creatures vanquished. All 'w' 3 worms (D:2 D:3)
3 creatures vanquished.
216 creatures vanquished. Monster Nature Uniques Eustachio (D:4) Duvessa (D:4) Dowan (D:4) Crazy Yiuf (D:6)
4 creatures vanquished. Natural Monsters The ghost of Sscral the Ducker, an experienced DsMo of Yredelemnul (D:7) A wyvern (D:6) A water moccasin (D:6) 2 orc warriors (D:7 D:8) The ghost of flyleaff the Ducker, an average FeTm (D:4) An ice beast (D:6) An ogre (D:5) 3 centaurs (D:6 D:8) 2 giant frogs (D:7 D:8) 2 scorpions (D:5 D:7) An electric eel (D:7) A jelly (D:5) An orc priest (D:6) 3 iguanas (D:3 D:4 D:5) 6 orc wizards (D:4 D:5 D:6 D:7 D:8) 5 hounds (D:5 D:6 D:7) 7 worker ants (D:4 D:5 D:7 D:8) 13 adders (D:2 D:3 D:4 D:5 D:6) 7 gnolls (D:3 D:6) 2 oozes (D:1 D:2) 3 worms (D:2 D:3) 6 giant geckos (D:4 D:5 D:6) 27 orcs (D:3 D:4 D:5 D:6 D:7) 9 giant cockroaches (D:1 D:2 D:3 D:4 D:7) 7 hobgoblins (D:1 D:2 D:3) 10 jackals (D:1 D:3 D:6) 4 kobolds (D:1 D:2 D:3) 2 ball pythons (D:2 D:3) 13 bats (D:1 D:2 D:3) 6 giant newts (D:1 D:2 D:3) 3 goblins (D:2 D:3 D:4) 3 quokkas (D:3 D:4 D:5) 5 rats (D:1 D:2 D:3 D:5)
159 creatures vanquished. Undead Monsters 3 phantoms (D:6 D:7 D:8) 3 water moccasin zombies (Ossuary) A water moccasin skeleton (D:4) 3 giant frog zombies (D:5 D:6 D:7) 2 centaur zombies (D:6) 2 giant frog skeletons (D:4 D:6) 6 big kobold zombies (Ossuary) 2 mummies (Ossuary) 7 adder zombies (D:5 Ossuary) 3 adder skeletons (D:4 D:7) 3 gnoll zombies (Ossuary) A giant gecko zombie (D:6) 3 hobgoblin zombies (Ossuary) 3 kobold zombies (Ossuary) 4 orc zombies (Ossuary) A quokka skeleton (D:8)
47 creatures vanquished. Demonic Monsters 3 crimson imps (D:5 D:6 D:7) 3 shadow imps (D:5 D:8)
6 creatures vanquished.
216 creatures vanquished. Ascending Order The ghost of Sscral the Ducker, an experienced DsMo of Yredelemnul (D:7) A wyvern (D:6) Eustachio (D:4) A water moccasin (D:6) Duvessa (D:4) The ghost of flyleaff the Ducker, an average FeTm (D:4) An ice beast (D:6) An ogre (D:5) Dowan (D:4) A water moccasin skeleton (D:4) An electric eel (D:7) A jelly (D:5) An orc priest (D:6) Crazy Yiuf (D:6) A quokka skeleton (D:8) A giant gecko zombie (D:6) 2 orc warriors (D:7 D:8) 2 giant frogs (D:7 D:8) 2 scorpions (D:5 D:7) 2 centaur zombies (D:6) 2 giant frog skeletons (D:4 D:6) 2 mummies (Ossuary) 2 oozes (D:1 D:2) 2 ball pythons (D:2 D:3) 3 phantoms (D:6 D:7 D:8) 3 centaurs (D:6 D:8) 3 water moccasin zombies (Ossuary) 3 giant frog zombies (D:5 D:6 D:7) 3 crimson imps (D:5 D:6 D:7) 3 iguanas (D:3 D:4 D:5) 3 shadow imps (D:5 D:8) 3 adder skeletons (D:4 D:7) 3 worms (D:2 D:3) 3 gnoll zombies (Ossuary) 3 goblins (D:2 D:3 D:4) 3 hobgoblin zombies (Ossuary) 3 quokkas (D:3 D:4 D:5) 3 kobold zombies (Ossuary) 4 kobolds (D:1 D:2 D:3) 4 orc zombies (Ossuary) 5 hounds (D:5 D:6 D:7) 5 rats (D:1 D:2 D:3 D:5) 6 orc wizards (D:4 D:5 D:6 D:7 D:8) 6 big kobold zombies (Ossuary) 6 giant geckos (D:4 D:5 D:6) 6 giant newts (D:1 D:2 D:3) 7 worker ants (D:4 D:5 D:7 D:8) 7 gnolls (D:3 D:6) 7 adder zombies (D:5 Ossuary) 7 hobgoblins (D:1 D:2 D:3) 9 giant cockroaches (D:1 D:2 D:3 D:4 D:7) 10 jackals (D:1 D:3 D:6) 13 adders (D:2 D:3 D:4 D:5 D:6) 13 bats (D:1 D:2 D:3) 27 orcs (D:3 D:4 D:5 D:6 D:7)
216 creatures vanquished.

Notes
Turn   | Place    | Note
--------------------------------------------------------------
     0 | D:1      | Daisuki the Naga Fighter began the quest for the Orb.
     0 | D:1      | Reached XP level 1. HP: 21/21 MP: 1/1
    28 | D:1      | Reached XP level 2. HP: 20/28 MP: 2/2
   398 | D:1      | Reached skill level 3 in Axes
   966 | D:2      | Reached XP level 3. HP: 34/34 MP: 3/3
  1375 | D:2      | Reached skill level 4 in Axes
  1412 | D:2      | Reached XP level 4. HP: 21/42 MP: 4/4
  2199 | D:3      | Found a blossoming altar of Fedhas.
  2437 | D:3      | Reached skill level 5 in Axes
  2437 | D:3      | Reached XP level 5. HP: 38/49 MP: 5/5
  3116 | D:4      | Noticed Dowan
  3118 | D:4      | Noticed Duvessa
  3127 | D:4      | Killed Duvessa
  3127 | D:4      | Reached skill level 6 in Axes
  3127 | D:4      | Reached XP level 6. HP: 42/56 MP: 6/6
  3130 | D:4      | Killed Dowan
  3131 | D:4      | Noticed flyleaff's ghost (average FeTm)
  3466 | D:4      | Reached skill level 7 in Axes
  3493 | D:4      | Noticed Eustachio
  4037 | D:5      | Entered Level 5 of the Dungeon
  4622 | D:4      | Reached XP level 7. HP: 62/62 MP: 7/7
  4707 | D:4      | Killed flyleaff's ghost
  4948 | D:4      | Found a staircase to the Ecumenical Temple.
  4957 | Temple   | Entered the Ecumenical Temple
  4964 | Temple   | Became a worshipper of Warmaster Okawaru
  5052 | D:4      | Reached skill level 8 in Axes
  5092 | D:4      | Killed Eustachio
  5378 | D:4      | Reached skill level 9 in Axes
  5378 | D:4      | Reached XP level 8. HP: 69/69 MP: 8/8
  5641 | D:5      | Acquired Okawaru's first power
  5829 | D:5      | Found Paerir's Book Shop.
  5895 | D:5      | Found a bloodstained altar of Trog.
  6312 | D:5      | Reached skill level 10 in Axes
  7056 | D:6      | Reached skill level 11 in Axes
  7056 | D:6      | Reached XP level 9. HP: 27/75 MP: 9/9
  8190 | D:6      | Noticed Crazy Yiuf
  8193 | D:6      | Killed Crazy Yiuf
  8193 | D:6      | Reached skill level 12 in Axes
  8780 | D:7      | Noticed Sscral's ghost (experienced DsMo)
  8826 | D:7      | Killed Sscral's ghost
  9380 | D:7      | Reached skill level 13 in Axes
  9743 | D:8      | Found a sand-covered staircase.
  9759 | Ossuary  | Entered an ossuary
  9876 | Ossuary  | Reached XP level 10. HP: 79/84 MP: 10/10
 10176 | D:8      | Found a staircase to the Lair.
 10376 | D:8      | Identified a scroll of acquirement
 10491 | D:8      | Reached skill level 14 in Axes
 10504 | D:8      | HP: 4/84 [orc warrior/glaive (15)]
 10575 | D:8      | Killed from afar by an orc priest

Vault maps used:
D:1:      eino_arrival_cavern_d, st_stairs_3
D:2:      kennysheep_six_static_rooms
D:3:      st_stairs_11, minivault_4, fedhas_altar_1
D:4:      temple_hall, first_bread, uniq_eustachio, uniq_duvessa
D:5:      serial_shops, nicolae_shop_stone, trog_butcher_becter
D:6:      uniq_crazy_yiuf_cottage
D:7:      kennysheep_dice
D:8:      lair_0_dummy, nicolae_ossuary_entry_false_entrances
Temple:   nicolae_temple_no_exploring_needed
Ossuary:  ossuary_tomb_2

Action                   |  1- 3 |  4- 6 |  7- 9 | 10-12 || total
-------------------------+-------+-------+-------+-------++-------
Melee: War axe           |    55 |   134 |   400 |   168 ||   757
Throw: Javelin           |       |       |       |     3 ||     3
Invok: Heroism           |       |       |       |     1 ||     1
 Abil: Spit Poison       |    30 |    61 |    86 |    12 ||   189
  Use: Potion            |       |     4 |     5 |       ||     9
       Scroll            |       |       |    13 |    10 ||    23
  Eat: Chunk             |     3 |    12 |    17 |     3 ||    35
       Pizza             |       |       |     1 |       ||     1
